 Dungeon Crawl Stone Soup version 0.29-a0-575-g0dc89cf053 (webtiles) character file.

Game seed: 14777212609663041743

44 spiderkeys the Magician (level 3, 0/24 HPs)
             Began as a Mummy Necromancer on June 13, 2022.
             Slain by a gnoll
             ... wielding a +0 club
              (5 damage)
             ... on level 1 of the Dungeon.
             The game lasted 00:02:50 (1604 turns).

spiderkeys the Magician (Mummy Necromancer)         Turns: 1604, Time: 00:02:50

Health: 0/24       AC:  2    Str: 11    XL:     3   Next: 41%
Magic:  5/9        EV: 12    Int: 16    God:
Gold:   43         SH:  0    Dex: 12    Spells: 10/11 levels left

rFire   x . .      SeeInvis .   h - +0 morningstar
rCold   + . .      Faith    .   (no shield)
rNeg    + + +      Spirit   .   a - +0 robe
rPois   ∞          Reflect  .   (no helmet)
rElec   .          Harm     .   (no cloak)
rCorr   .          Rampage  .   (no gloves)
Will    .....                   (no boots)
Stlth   ++........              (no amulet)
HPRegen 0.08/turn               (no ring)
MPRegen 0.11/turn               (no ring)

@: weak-willed
A: cold resistance 1, negative energy resistance 3, torment resistance 2, heat
vulnerability 1, in touch with death 1, no potions
a: no special abilities


You were on level 1 of the Dungeon.
You visited 1 branch of the dungeon, and saw 2 of its levels.

You collected 43 gold pieces.


Innate Abilities, Weirdness & Mutations

You are immune to poison.
Your flesh is cold resistant. (rC+)
You are immune to negative energy. (rN+++)
You are immune to unholy pain and torment.
You are vulnerable to heat. (rF-)
You are in touch with the powers of death.
You do not drink.


   Skills:
 - Level 1.5 Dodging
 - Level 1.5 Stealth
 + Level 4.9 Spellcasting
 - Level 4.0 Necromancy


You had 10 spell levels left.
You knew the following spells:

 Your Spells              Type           Power      Damage    Failure   Level
x - Necrotize             Necr           100%       1d9       3%          1

Your spell library contained the following spells:

 Spells                   Type           Power      Damage    Failure   Level
 Vampiric Draining        Necr           25%        2d7       9%          3
 Slow                     Hex            12%        N/A       16%         1
 Animate Dead             Necr           25%        N/A       30%         4
 Confusing Touch          Hex            3%         N/A       43%         3
 Agony                    Necr           25%        N/A       63%         5
 Yara's Violent Unravell  Hex/Tmut       1%         3d3       99%         5
 Enfeeble                 Hex            1%         N/A       100%        7

Inventory:

Hand Weapons
 h - a +0 morningstar (weapon)
   (You found it on level 2 of the Dungeon)
Missiles
 b - 60 stones
 i - 6 boomerangs
Armour
 a - a +0 robe (worn)
 f - a +0 leather armour
   (You found it on level 1 of the Dungeon)
 g - a +0 robe
   (You found it on level 2 of the Dungeon)
Jewellery
 C - a ring of ice
   (You found it on level 1 of the Dungeon)
 F - a ring of fire
   (You found it on level 1 of the Dungeon)

Dungeon Overview and Level Annotations

Branches:
Dungeon (2/15)

Altars:

..############............#
#>#
..#........)...############
#.# ..#.#########..#
#####.# ..#.# #§§# #......
#.#.# #§§# #.###.# ###.#
#§§# #.# #.# ..#.# #§§# #.#
#.# 8.#.# #§§############.#
#.. ..#.# #§gg@.........#.#
### 8.#.# #.###########.#.#
# ..#.# #.# #.#.##### ###.#
#.# #.#...... #.# #.#
#.####### #.#
#.###########.# # #.#
#.............# # # #.#
##################### ###.#
#.........


You could see 2 gnolls.


Message History

A gnoll comes into view. It is wielding a +0 flail.
The gnoll shouts!
A gnoll comes into view. It is wielding a +0 flail.
The gnoll moves out of view. 😎 MP[+2]
Your mp is fully restored (9).
You feel a surge of power!
The gnoll shouts!
The gnoll writhes in agony.
You hear a shout!
A gnoll comes into view. It is wielding a +0 halberd.
A gnoll comes into view. It is wielding a +0 club.
The gnoll shouts! 😎 MP[-1]
You lost 1 mp, and now have 8/9 mp.
You feel a surge of power!
The gnoll barely resists. 😎 MP[-1]
You lost 1 mp, and now have 7/9 mp. 😎 MP[+1]
You see here a fuming sapphire potion.
There is an open door here. 😎 MP[+1]
Your mp is fully restored (9).
There is a stone staircase leading up here.
You feel a surge of power!
The gnoll writhes in agony. 😎 MP[-1]
You lost 1 mp, and now have 8/9 mp.
You feel a surge of power!
The gnoll writhes in agony. 😎 MP[-1]
You lost 1 mp, and now have 7/9 mp.
You feel a surge of power!
The gnoll writhes in agony.
You kill the gnoll!
The dead are walking! 😎 MP[-1]
You lost 1 mp, and now have 6/9 mp.
What are your orders? t - Shout!
Orders for allies: a - Attack new target. r - Retreat! s - Stop attacking. g - Guard the area. f - Follow me.
Anything else - Cancel.
Gang up on whom?
Press: ? - help, Dir - move target, f - gnoll
Aim: a gnoll, wielding a +0 club (ally target) Attack!
You closely miss the gnoll. The gnoll barely misses you.
The gnoll hits you with a +0 club!
Your gnoll skeleton hits the gnoll. 😮 HP[-7]
You take 7 damage, and now have 17/24 hp.
MASSIVE DAMAGE!! (PAUSE)
The gnoll hits your gnoll skeleton with a +0 club.
The gnoll hits you with a +0 flail.
You climb upwards.
Your mindless puppet stays behind to rot.
There is a stone staircase leading down here. 😮 HP[-2]
You take 2 damage, and now have 15/24 hp.
As you read the scroll labelled BAQEEL YDACI, it crumbles to dust.
Magic quickly surges around you.
It was a scroll of vulnerability.
The gnoll hits you with a +0 club.
* * * LOW HITPOINT WARNING * * *
The gnoll misses you. 😨 HP[-4] MP[+1]
You take 4 damage, and now have 11/24 hp.
Unknown command.
As you read the scroll labelled OSHRIL NIOKU, it crumbles to dust.
The scroll dissolves into smoke.
It was a scroll of fog.
The gnoll closely misses you. The gnoll misses you.
As you read the scroll labelled SAVAMO ISULIHA, it crumbles to dust.
You hear a loud clanging noise!
It was a scroll of noise.
The gnoll barely misses you. x2 😨 HP[+1]
The gnoll attacks as you move away! The gnoll closely misses you.
The gnoll hits you with a +0 club.
* * * LOW HITPOINT WARNING * * *
😨 HP[-1]
You take 1 damage, and now have 11/24 hp.
Unknown command.
The gnoll misses you. The gnoll attacks as you move away!
The gnoll completely misses you.
Casting: Necrotize (safe; 3% risk of failure)
Confirm with . or Enter, or press ? or * to list all spells.
Aiming: Necrotize (safe; 3% risk of failure)
Press: ? - help, Shift-Dir - straight line, f - gnoll
Aim: a gnoll, wielding a +0 club (purple smoke, lightly wounded, weak-willed, chance to affect: 91%)
You feel a surge of power!
The gnoll writhes in agony.
The gnoll hits you with a +0 club.
* * * LOW HITPOINT WARNING * * *
😱 HP[-6] MP[-1]
You take 6 damage, and now have 5/24 hp.
MASSIVE DAMAGE!! (PAUSE)
You lost 1 mp, and now have 6/9 mp.
Casting: Necrotize (safe; 3% risk of failure)
Confirm with . or Enter, or press ? or * to list all spells.
Aiming: Necrotize (safe; 3% risk of failure)
Press: ? - help, Shift-Dir - straight line, f/p - gnoll
Aim: a gnoll, wielding a +0 club (purple smoke, lightly wounded, weak-willed, chance to affect: 91%)
You feel a surge of power!
The gnoll writhes in agony.
The gnoll hits you with a +0 club.
You die...

Skill      XL: |  1  2 |
---------------+-------+-----
Spellcasting   | 3 4 |  4.9
Dodging        | |  1.5
Stealth        | |  1.5
Necromancy     | |  4.0

Action                   || total
-------------------------++-------
Melee: Unarmed           ||     9
       Morningstar       ||     1
 Cast: Necrotize         ||    53
  Use: Scroll            ||     3
Armor: Robe              ||     1
Dodge: Dodged            ||    21

Levels and vault maps discovered:
D:1:      ncdulo_halloftheorcs, layout_loops_ring
D:2:      layout_loops_corners, supply_closet_lemuel

Notes
Turn   | Place    | Note
-------+----------+-------------------------------------------
     0 | D:1      | spiderkeys the Mummy Necromancer began the quest for the
                  | Orb.
     0 | D:1      | Reached XP level 1. HP: 13/13 MP: 4/4
     0 | D:1      | magus.rc [v1.11.3]
    93 | D:1      | Reached skill level 3 in Spellcasting
   145 | D:1      | HP: 2/13 [dart slug/slug dart (2)]
   161 | D:1      | Reached XP level 2. HP: 5/19 MP: 0/6
   491 | D:1      | You pick up a book of Misfortune and begin reading...
   491 | D:1      | You add the spells Confusing Touch, Yara's Violent
                  | Unravelling and Enfeeble to your library.
   767 | D:1      | Reached skill level 4 in Spellcasting
   972 | D:1      | You pick up a book of Debilitation and begin reading...
  1166 | D:1      | Gained mutation: You are in touch with the powers of death.
                  | [Mummy growth]
  1166 | D:1      | Reached XP level 3. HP: 24/24 MP: 2/8
  1603 | D:1      | HP: 5/24 [gnoll/+0 club (6)]
  1604 | D:1      | Slain by a gnoll

Vanquished Creatures
  A gnoll (D:2)
  2 dart slugs (D:1)
  2 ball pythons
  2 endoplasms (D:1)
  A goblin (D:1)
  4 hobgoblins
  8 jackals (D:1)
  2 kobolds (D:1)
  A quokka (D:1)
  2 rats (D:1)
25 creatures vanquished.

Vanquished Creatures (collateral kills)
  2 frilled lizards
2 creatures vanquished.

Grand Total: 27 creatures vanquished

Table legend:
 A = Non-vault XP
 B = Vault XP
 C = Vault XP percentage of total XP
 D = Non-vault monster count
 E = Vault monster count
 F = Vault count percentage of total count
                 A         B        C        D         E       F
            +---------+---------+-------+---------+---------+-------
      Total |      64 |       0 |   0.0 |      27 |       0 |   0.0
            +---------+---------+-------+---------+---------+-------
        D:1 |      46 |       0 |   0.0 |      23 |       0 |   0.0
        D:2 |      18 |       0 |   0.0 |       4 |       0 |   0.0
            +---------+---------+-------+---------+---------+-------

Illustrated notes

Table legend:
 A = Kills in this place as a percentage of kills in entire the game.
 B = Kills by you in this place as a percentage of kills by you in the entire game.
 C = Kills by friends in this place as a percentage of kills by friends in the entire game.
 D = Other kills in this place as a percentage of other kills in the entire game.
 E = Experience gained in this place as a percentage of experience gained in the entire game.
 F = Experience gained in this place divided by the number of levels of this place that you have seen.
                   A       B       C       D       E      F
               +-------+-------+-------+-------+-------+----------------------
         Total | 100.0 | 100.0 | 100.0 |   N/A | 100.0 |  32.0
       Dungeon | 100.0 | 100.0 | 100.0 |   N/A | 100.0 |  32.0
               +-------+-------+-------+-------+-------+----------------------

Table legend: (Time is in decaauts)
 A = Elapsed time spent in this place.
 B = Non-inter-level travel time spent in this place.
 C = Inter-level travel time spent in this place.
 D = Time resting spent in this place.
 E = Time spent auto-exploring this place.
 F = Levels seen in this place.
 G = Mean time per level.
                   A        B        C        D        E       F      G
               +--------+--------+--------+--------+--------+-----+--------+
         Total |   1604 |   1591 |     13 |      0 |   1361 |   2 |  802.0 |
       Dungeon |   1604 |   1591 |     13 |      0 |   1361 |   2 |  802.0 |
               +--------+--------+--------+--------+--------+-----+--------+

Top non-repeatable levels by time:
     D:1: 1498 daAuts
     D:2: 105 daAuts
